 Dungeon Crawl Stone Soup version 0.20-a0-972-gb9bd3e6 (webtiles) character file.

20 amplicon the Digger (level 2, -4/13 HPs)
             Began as a Gargoyle Earth Elementalist on Apr 9, 2017.
             Slain by a goblin (5 damage)
             ... led by Robin
             ... on level 2 of the Dungeon.
             The game lasted 00:10:03 (1156 turns).

amplicon the Digger (Gargoyle Earth Elementalist)   Turns: 1156, Time: 00:10:07

Health: -4/13      AC:  4    Str: 11    XL:     2   Next: 79%
Magic:  1/5        EV: 12    Int: 15    God:
Gold:   65         SH:  0    Dex:  8    Spells: 4/5 levels left

rFire    . . .     SeeInvis .   j - +0 hand axe
rCold    . . .     Gourm    .   (no shield)
rNeg     + . .     Faith    .   c - +0 robe
rPois    ∞         Spirit   .   (no helmet)
rElec    +         Reflect  .   (no cloak)
rCorr    .         Harm     .   (no gloves)
MR       +....                  (no boots)
Stlth    ++........             (no amulet)
Regen    0.1/turn               (no ring)
MPRegen  0.1/turn               (no ring)

@: no status effects
A: blurry vision 1, clumsy 1, frail 1, magic resistance 1, negative energy
resistance 1, electricity resistance, unbreathing, petrification resistance, rot
immunity, AC +2
a: no special abilities


You were on level 2 of the Dungeon.
You were not hungry.

You visited 1 branch of the dungeon, and saw 2 of its levels.

You collected 65 gold pieces.

Inventory:

Hand Weapons
 g - a cursed -1 whip
 j - a +0 hand axe (weapon)
Missiles
 a - 34 arrows
 b - 46 stones (quivered)
Armour
 c - a +0 robe (worn)
Scrolls
 m - a scroll of enchant armour {unknown}
 o - a scroll of identify {unknown}
Potions
 i - a potion of heal wounds {unknown}
 l - a potion of degeneration {unknown}
 n - a potion of brilliance {unknown}
Books
 e - a book of Geomancy

   Spells                             Type                      Level
   a - Sandblast                      Earth                        1
   b - Passwall                       Transmutation/Earth          2
   c - Stone Arrow                    Conjuration/Earth            3
   d - Petrify                        Transmutation/Earth          4
   e - Lee's Rapid Deconstruction     Earth                        5
Comestibles
 d - a bread ration


   Skills:
 * Level 1.2 Armour
 - Level 1.5 Dodging
 - Level 2.1 Stealth
 + Level 2.2 Spellcasting
   Level 0.7 Transmutations
 + Level 4.2 Earth Magic


You had 4 spell levels left.
You knew the following spells:

 Your Spells              Type           Power        Failure   Level  Hunger
a - Sandblast             Erth           ##....       4%          1    #......


Dungeon Overview and Level Annotations

Branches:
Dungeon (2/15)

Altars:

Annotations:
D:2 Robin


Innate Abilities, Weirdness & Mutations

You are resistant to torment.
Your stone body is resilient. (AC +2)
You are immune to poison.
You resist negative energy. (rN+)
You are resistant to electric shocks. (rElec)
You can survive without breathing.
You are immune to petrification.
You are immune to rotting.
Scrolls take you a little longer to read.
You are clumsy. (Dex -2)
You are frail. (-10% HP)
You are resistant to hostile enchantments. (MR+)


Message History

Robin throws the goblin at you! The goblin closely misses you.
The goblin hits you but does no damage. The goblin closely misses you.
It was a potion of mutation.
You feel extremely strange.
Your vision blurs.
You feel frail.
You feel clumsy.
You feel resistant to hostile enchantments.
The goblin barely misses you. Robin hits you but does no damage.
The goblin misses you. The goblin barely misses you.
A goblin comes into view. It is wielding a club.
The goblin misses you. The goblin closely misses you.
Robin says, "Bow before me, strongest of all the hobgoblins!"
Robin throws the goblin at you!
A goblin comes into view.
You closely miss the goblin. x3; You hit the goblin.
You miss the goblin. The goblin hits you but does no damage.
The goblin hits you with a club.
* * * LOW HITPOINT WARNING * * *
The goblin closely misses you.
Robin roars a battlecry!
The goblins go into a battle-frenzy!
The goblin hits you but does no damage. The goblin hits you.
You die...

## #### .# .....
###K##
.....#######....#####
......g.g.##......(..
.......@g..+.........
......gg..##....#
.........†#.....#.#.
..........gK)...K.g.
####......#g###.#.##
#......#.# .# #
#......#.# .#
########'###.#
######.........# ...#


You could see Robin (inner flame), 6 goblins and a kobold.

Vanquished Creatures
  An ooze (D:1)
  A dart slug (D:1)
  4 goblins
  A hobgoblin (D:2)
  2 kobolds
  2 frilled lizards (D:1)
  2 rats
13 creatures vanquished.

Notes
Turn   | Place    | Note
-------+----------+-------------------------------------------
     0 | D:1      | amplicon the Gargoyle Earth Elementalist began the quest for the Orb.
     0 | D:1      | Reached XP level 1. HP: 10/10 MP: 3/3
   277 | D:1      | Reached XP level 2. HP: 15/15 MP: 3/5
   615 | D:1      | Reached skill level 1 in Armour
   961 | D:1      | Reached skill level 4 in Earth Magic
  1146 | D:2      | Noticed Robin
  1154 | D:2      | Gained mutation: Scrolls take you a little longer to read. [potion of mutation]
  1154 | D:2      | Gained mutation: You are frail. (-10% HP) [potion of mutation]
  1154 | D:2      | Gained mutation: You are clumsy. (Dex -2) [potion of mutation]
  1154 | D:2      | Gained mutation: You are resistant to hostile enchantments. (MR+) [potion of mutation]
  1156 | D:2      | Slain by a goblin

Vault maps used:
D:1:      dpeg_arrival_rooms_c
D:2:      uniq_robin

Skill      XL: |  1  2 |
---------------+-------+-----
Armour         | 1 |  1.2
Earth Magic    | 4 |  4.2
Dodging        | |  1.5
Stealth        | |  2.1
Spellcasting   | |  2.2
Transmutations | |  0.7

Action                   || total
-------------------------++-------
Melee: Hand axe          ||     1
 Cast: Sandblast         ||    18
  Use: Scroll            ||     2
       Potion            ||     1
  Eat: Chunk             ||     1
Armor: Robe              ||     8
Dodge: Dodged            ||    17
